 Dungeon Crawl Stone Soup version 0.17.2-1-ge4368a0 (webtiles) character file.

119 ololoev the Chopper (level 4, 18/35 HPs)
             Began as a Demonspawn Berserker on July 26, 2016.
             Was a Believer of Trog.
             Quit the game on level 4 of the Dungeon.
             The game lasted 00:03:39 (506 turns).

ololoev the Chopper (Demonspawn Berserker)           Turns: 506, Time: 00:03:39

Health: 18/35      AC:  6    Str: 18    XL:     4   Next: 74%
Magic:  4/4        EV: 12    Int:  8    God:    Trog [**....]
Gold:   59         SH:  0    Dex: 12    Spells: 0 memorised, 3 levels left

rFire  x . .     SeeInvis .     a - +0 hand axe
rCold  + . .     Clarity  .     b - +0 animal skin
rNeg   . . .     SustAt   .     (no shield)
rPois  .         Gourm    .     (helmet restricted)
rElec  .         Spirit   .     (no cloak)
rCorr  .         Warding  .     (no gloves)
rMut   .         Stasis   .     (no boots)
MR     .....                    (no amulet)
Stlth  +.........               (no ring)
                                j - ring of ice

@: mildly poisoned (18 -> 16), exhausted, slowed, very slow, not resistant to
hostile enchantments, very unstealthy
A: antennae 1, rough black scales 1
a: Berserk, Trog's Hand, Burn Spellbooks, Renounce Religion


Innate Abilities, Weirdness & Mutations

You have a pair of small antennae on your head.
You are partially covered in rough black scales (AC +4, Dex -1).

Inventory:

Hand Weapons
 a - a +0 hand axe (weapon)
Armour
 b - a +0 animal skin (worn)
Jewellery
 j - a ring of ice (left hand)
Scrolls
 e - a scroll of immolation {unknown}
 f - a scroll of remove curse {unknown}
 h - a scroll of teleportation {unknown}
 l - a scroll of magic mapping {unknown}
 n - 2 scrolls of identify {unknown}
Potions
 g - a potion of cancellation {unknown}
 m - a potion of haste {unknown}
Comestibles
 c - 2 bread rations
 d - a meat ration
 i - a chunk of flesh
 k - 2 beef jerkies


   Skills:
 - Level 3.0 Fighting
 * Level 4.4 Axes
 + Level 2.9 Armour
 - Level 1.7 Dodging


You had 3 spell levels left.
You didn't know any spells.


You were on level 4 of the Dungeon.
You worshipped Trog.
Trog was pleased with you.
You were not hungry.

You visited 1 branch of the dungeon, and saw 4 of its levels.

You collected 59 gold pieces.

#.# #..# ...## ##..
....## #..# #.....#
##..# ####.......
##...####..........
###.....#......$.....
####....................
......†.........@a......
......##................
###....#.......(........
##....................
##...................
##<.................
#..................
#..#...............
##..#........

Notes
Turn   | Place    | Note
--------------------------------------------------------------
     0 | D:1      | ololoev the Demonspawn Berserker began the quest for the Orb.
     0 | D:1      | Reached XP level 1. HP: 18/18 MP: 1/1
   115 | D:2      | Gained mutation: You have a pair of small antennae on your head. [demonic ancestry]
   115 | D:2      | Reached XP level 2. HP: 9/24 MP: 2/2
   268 | D:1      | Reached ** piety under Trog
   388 | D:4      | Gained mutation: You are partially covered in rough black scales (AC +4, Dex -1). [demonic ancestry]
   388 | D:4      | Reached XP level 3. HP: 29/29 MP: 3/3
   426 | D:4      | Noticed a scorpion
   430 | D:3      | Noticed ololoev's ghost (weakling DsBe)
   447 | D:3      | Killed ololoev's ghost
   449 | D:3      | Reached skill level 4 in Axes
   490 | D:4      | Killed a scorpion
   490 | D:4      | Reached XP level 4. HP: 31/35 MP: 4/4
   506 | D:4      | Quit the game

Dungeon Overview and Level Annotations

Branches:
Dungeon (4/15)
 Temple: D:4-7

Altars:


Message History

You slash the scorpion!
The scorpion is severely wounded.
You feel sick. The scorpion closely misses you.
You barely miss the scorpion.
The scorpion is severely wounded.
The scorpion stings you.
You slash the scorpion!
You kill the scorpion!
Trog accepts your kill.
You have reached level 4!
You feel agile.
You feel sick.
Found 18 stones.
You feel a strong urge to attack something.
You feel sick.
Found a stone staircase leading up.
You closely miss the giant newt. The giant newt misses you.
You slash the giant newt!
You kill the giant newt!
Trog accepts your kill.
You feel sick.
You feel a strong urge to attack something.
You are no longer berserk.
You are exhausted.
You feel yourself slow down.
You are feeling hungry.
You feel sick.
Found 15 gold pieces.
You feel sick.
A worker ant comes into view.
You feel sick.
Eat one of 2 chunks of flesh? (ye/n/q/i?) This raw flesh tastes terrible.
The worker ant twitches its antennae in your direction.
You continue eating. x2
You feel sick. The worker ant misses you.
The worker ant bites you but does no damage.
There is a stone staircase leading up here.
Are you sure you want to abandon this character and quit the game? (Confirm with "yes".)

You could see a worker ant.

Vanquished Creatures
  A scorpion (D:4)
  The ghost of ololoev the Chopper, a weakling DsBe of Trog (D:3)
  2 adders
  An ooze (D:2)
  An adder skeleton (D:3)
  A giant gecko (D:1)
  An orc (D:3)
  A giant cockroach (D:2)
  5 hobgoblins
  4 kobolds
  2 bats (D:1)
  A giant newt (D:4)
  4 goblins
  5 rats
30 creatures vanquished.

Action                   |  1- 3 |  4- 6 || total
-------------------------+-------+-------++-------
Melee: Hand axe          |    80 |     2 ||    82
Invok: Berserk           |     4 |       ||     4
       Trog's Hand       |     2 |       ||     2
 Stab: Sleeping          |     1 |       ||     1
  Eat: Chunk             |     2 |     1 ||     3

Vault maps used:
D:1:      tarquinn_simple_flora_water_e, roderic_lattice_a, minmay_surrounded
D:2:      minmay_door_path
D:4:      first_bread, uniq_blork_the_orc, uniq_duvessa
